 Dungeon Sprint DCSS version 0.26-a0-708-g17f3b190f9 (webtiles) character file.

Game seed: 10591069834322621633

1880 mhtbhm the Basher (level 8, -3/92 HPs)
             Began as a Troll Berserker on Oct 29, 2020.
             Was the Champion of Trog.
             Slain by a cane toad (24 damage)
             ... in the Dungeon (Sprint IX: "|||||||||||||||||||||||||||||").
             The game lasted 00:00:53 (506 turns).

mhtbhm the Basher (Troll Berserker)                  Turns: 506, Time: 00:00:53

Health: -3/92      AC:  9    Str: 31    XL:     8   Next: 91%
Magic:  7/7        EV: 13    Int:  3    God:    Trog [******]
Gold:   22         SH:  0    Dex:  9    Spells: 7/7 levels left

rFire    . . .     SeeInvis .   a - +2 morningstar (vorpal)
rCold    . . .     Faith    .   (no shield)
rNeg     . . .     Spirit   .   b - +0 animal skin
rPois    .         Reflect  .   (helmet restricted)
rElec    .         Harm     .   l - +0 cloak
rCorr    .         Rampage  .   (gloves unavailable)
MR       .....     NoTele   +   (boots unavailable)
Stlth    +.........             (no amulet)
HPRegen  0.65/turn              m - +2 ring of protection
MPRegen  0.10/turn              n - +3 ring of strength

@: berserk cooldown, slowed, very slow
A: large, unfitting armour, claws 3, regeneration 1, shaggy fur 1, tough skin 3
a: Berserk, Trog's Hand, Brothers in Arms, Renounce Religion


You were in the Dungeon.
You worshipped Trog.
Trog was exalted by your worship.
You visited 1 branch You collected 22 gold pieces.

Inventory:

Hand Weapons
 a - a +2 vorpal morningstar (weapon)
Armour
 b - a +0 animal skin (worn)
 l - a +0 cloak (worn)
Jewellery
 m - a +2 ring of protection (left claw)
 n - a +3 ring of strength (right claw)
Wands
 k - a wand of iceblast (10)
Scrolls
 h - 3 scrolls of blinking
 j - 3 scrolls of remove curse
 q - 2 scrolls of identify
 r - 2 scrolls of fear
 s - a scroll of fog
Potions
 c - 3 potions of curing
 d - 5 potions of heal wounds
 e - a potion of haste
 f - 4 potions of magic
 g - a potion of berserk rage
 i - a potion of invisibility
 o - a potion of might
 p - 3 potions of stabbing


   Skills:
 + Level 9.1 Fighting
 + Level 12.7 Maces & Flails
 + Level 8.9 Dodging
 + Level 0.8 Stealth


You had 7 spell levels left.
You didn't know any spells.
Your spell library was empty.

Dungeon Overview and Level Annotations

Branches:
Dungeon (1/1)

Altars:
Cheibriados
Dithmenos
Elyvilon
Fedhas
Gozag
Hepliaklqana
Kikubaaqudgha
Makhleb
Nemelex Xobeh
Okawaru
Qazlal
Ru
Sif Muna
Trog
Uskayaw
Vehumet
Wu Jian
Xom
Yredelemnul
Zin
The Shining One
Beogh
Jiyva
Lugonu


Innate Abilities, Weirdness & Mutations

You are too large for most types of armour.
You have claws for hands.
Your natural rate of healing is unusually fast.
You are covered in fur. (AC +1)
You have extremely tough skin. (AC +3)


Message History

The water moccasin bites you!
* * * LOW HITPOINT WARNING * * *
You hit the water moccasin.
You kill the water moccasin!
Trog accepts your kill.
You feel very sick. The cane toad misses you.
You hit the cane toad but do no damage.
You feel sick. The cane toad barely misses you.
You closely miss the cane toad.
You feel sick. The cane toad stings you.
* * * LOW HITPOINT WARNING * * *
The cane toad stings you.
* * * LOW HITPOINT WARNING * * *
Unknown command.
You feel better. The cane toad stings you!
* * * LOW HITPOINT WARNING * * *
You are poisoned.
The cane toad poisons you! The cane toad misses you.
You feel better. The cane toad stings you!!
You die...

▓.▓.▓.▓
▓.▓.▓.▓
▓.▓.▓.▓
▓.▓.▓.▓
▓.▓.▓'▓
▓.▓.▓_▓
▓.▓.▓_▓
▓.▓.▓_▓
▓@▓.▓_▓
▓F▓.▓_▓
▓F▓.▓_▓
▓l▓.▓_▓
▓F▓.▓_▓
▓.▓.▓_▓
▓.▓.▓_▓
▓.▓.▓_▓
▓.▓_▓


You could see 3 cane toads and a wyvern.

Vanquished Creatures
  2 cane toads (D)
  A gargoyle (D)
  A komodo dragon (D)
  2 yaks (D)
  A water moccasin (D)
  2 bullfrogs (D)
  2 scorpions (D)
  A wight (D)
  2 hounds (D)
  An iguana (D)
  A worker ant (D)
  A gnoll (D)
  An ufetubus (D)
  A leopard gecko (D)
  A bat (D)
  A bat skeleton (D)
  A bat zombie (D)
  A giant cockroach (D)
  2 hobgoblins (D)
  A leopard gecko skeleton (D)
  A rat (D)
27 creatures vanquished.

Notes
Turn   | Place    | Note
-------+----------+-------------------------------------------
     0 | D        | mhtbhm the Troll Berserker began the quest for the Orb.
     0 | D        | Reached XP level 1. HP: 22/22 MP: 0/0
     7 | D        | Reached skill level 3 in Maces & Flails
     8 | D        | Reached ** piety under Trog
   101 | D        | Noticed a worker ant
   101 | D        | Noticed an iguana
   109 | D        | Reached XP level 2. HP: 31/31 MP: 1/1
   113 | D        | Reached *** piety under Trog
   113 | D        | Reached skill level 4 in Maces & Flails
   113 | D        | Reached XP level 3. HP: 39/39 MP: 2/2
   116 | D        | Reached skill level 5 in Maces & Flails
   119 | D        | Reached XP level 4. HP: 49/49 MP: 3/3
   138 | D        | Found a roughly hewn altar of Beogh.
   138 | D        | Found a snail-covered altar of Cheibriados.
   138 | D        | Found a shadowy altar of Dithmenos.
   138 | D        | Found a white marble altar of Elyvilon.
   138 | D        | Found a blossoming altar of Fedhas.
   138 | D        | Found an opulent altar of Gozag.
   139 | D        | Found a hazy altar of Hepliaklqana.
   140 | D        | Found a viscous altar of Jiyva.
   141 | D        | Found an ancient bone altar of Kikubaaqudgha.
   142 | D        | Found a corrupted altar of Lugonu.
   143 | D        | Found a burning altar of Makhleb.
   144 | D        | Found a sparkling altar of Nemelex Xobeh.
   145 | D        | Found an iron altar of Okawaru.
   146 | D        | Found a stormy altar of Qazlal.
   147 | D        | Found a sacrificial altar of Ru.
   148 | D        | Found a shimmering blue altar of Sif Muna.
   149 | D        | Found a bloodstained altar of Trog.
   150 | D        | Found a hide-covered altar of Uskayaw.
   151 | D        | Found a radiant altar of Vehumet.
   152 | D        | Found an ornate altar of the Wu Jian Council.
   153 | D        | Found a shimmering altar of Xom.
   154 | D        | Found a basalt altar of Yredelemnul.
   155 | D        | Found a glowing silver altar of Zin.
   156 | D        | Found a glowing golden altar of the Shining One.
   295 | D        | Noticed a bullfrog
   307 | D        | Reached **** piety under Trog
   313 | D        | Reached skill level 5 in Fighting
   313 | D        | Reached skill level 6 in Maces & Flails
   320 | D        | Killed a bullfrog
   320 | D        | Reached skill level 7 in Maces & Flails
   320 | D        | Reached skill level 5 in Dodging
   320 | D        | Reached XP level 5. HP: 48/59 MP: 4/4
   327 | D        | Reached ***** piety under Trog
   335 | D        | Noticed a yak
   335 | D        | Noticed a gargoyle
   342 | D        | Killed a yak
   342 | D        | Reached skill level 9 in Maces & Flails
   342 | D        | Reached XP level 6. HP: 68/68 MP: 5/5
   350 | D        | Reached XP level 7. HP: 78/78 MP: 6/6
   353 | D        | Killed a gargoyle
   353 | D        | Reached skill level 10 in Maces & Flails
   479 | D        | Noticed a yak
   479 | D        | Noticed a komodo dragon
   479 | D        | Noticed a cane toad
   479 | D        | Noticed a cane toad
   479 | D        | Noticed a cane toad
   481 | D        | Noticed a cane toad
   483 | D        | Killed a yak
   483 | D        | Reached skill level 11 in Maces & Flails
   487 | D        | Killed a komodo dragon
   487 | D        | Reached XP level 8. HP: 89/89 MP: 7/7
   489 | D        | Killed a cane toad
   489 | D        | Reached ****** piety under Trog
   489 | D        | Reached skill level 12 in Maces & Flails
   493 | D        | Noticed a cane toad
   498 | D        | Killed a cane toad
   498 | D        | Received a gift from Trog
   506 | D        | Slain by a cane toad

Illustrated notes

Levels and vault maps discovered:
D:        linesprint [early_d, line_temple, items_1, d_10, items_2, lair_1,
          lair_end, items_3, orc_1, orc_end, items_4, d_15, swamp_1, shoals_1,
          snake_1, spider_1, d_20, vaults_1, items_5, swamp_end, shoals_end,
          snake_end, spider_end, vaults_end, d_27, items_6, zot_1, zot_end,
          crypt_end, forest_end, elf_end, slime_end, tomb_end, abyss_end,
          pan_hell_end]

Skill      XL: |  1  2  3  4  5  6  7  8 |
---------------+-------------------------+-----
Maces & Flails | 3 4 5 7 9 11 12 | 12.7
Fighting       | 3 4 5 6 7 8 9 |  9.1
Dodging        | 3 4 5 6 7 8 |  8.9
Stealth        | |  0.8

Action                   |  1- 3 |  4- 6 |  7- 9 || total
-------------------------+-------+-------+-------++-------
Melee: Mace              |    28 |     3 |       ||    31
       Morningstar       |       |    45 |    26 ||    71
Invok: Berserk           |     1 |     1 |     1 ||     3
  Use: Potion            |       |     1 |     2 ||     3
Armor: Animal skin       |     5 |    22 |     2 ||    29
Dodge: Dodged            |    12 |    33 |     7 ||    52

Table legend: (Time is in decaauts)
 A = Elapsed time spent in this place.
 B = Non-inter-level travel time spent in this place.
 C = Inter-level travel time spent in this place.
 D = Time resting spent in this place.
 E = Time spent auto-exploring this place.
 F = Levels seen in this place.
 G = Mean time per level.
                   A        B        C        D        E       F      G
               +--------+--------+--------+--------+--------+-----+--------+
         Total |    530 |    530 |      0 |    194 |     87 |   1 |  530.0 |
       Dungeon |    530 |    530 |      0 |    194 |     87 |   1 |  530.0 |
               +--------+--------+--------+--------+--------+-----+--------+

Top non-repeatable levels by time:
       D: 530 daAuts
